Map: Abyssal Reef LE

Players

Kai - Winner!

  • Race: Zerg Zerg
  • Spawn Location: 5:00

Juxtapose

  • Race: Protoss Protoss
  • League: Gold
  • Spawn Location: 11:00

VOD

https://youtu.be/UYYwn32IhHQ

Description

I really enjoyed this match, my opponent and I had some great back and forth battles. I also love his attempted use of Tunneling Claws; not something I see often.

I made a few critical mistakes with some unit management though, such as how I almost always hit "E" for Photon Overcharge instead of "F," and several times I didn't properly select my Sentry's for Guardian Shield and then used it too little too late.

Still a great match though.

Time

  • Played on: Aug. 27, 2017, 1 p.m.
  • Length: 19:12
Show
View Real Time Build Order
Export as new Build Order

Kai Zerg - Winner!

Build Orders: Hatch First 

Get SALT Encoding   

  12  0:01  Drone  
  13  0:10  Drone  
  14  0:36  Hatchery  
  14  0:38  Drone  
  14  0:54  Spawning Pool  
  13  0:58  Drone  
  14  1:08  Overlord  
  14  1:17  Extractor, Drone  
  15  1:32  Drone x3  
  18  1:42  Queen  
  20  1:48  Queen  
  22  1:55  Drone  
  23  2:03  Zergling x2  
  23  2:04  Zergling x2  
  23  2:06  Zergling x2  
  26  2:09  Drone  
  27  2:16  Extractor  
  27  2:22  Drone x2  
  28  2:27  Overlord  
  28  2:45  Overlord  
  28  2:46  Overlord  
  28  2:51  Extractor, Drone  
  28  2:54  Drone x3  
  31  3:10  Drone x4  
  31  3:11  Drone x3  
  35  3:36  Roach Warren, Metabolic Boost  
  35  3:39  Drone x2  
  36  3:43  Drone x3  
  39  4:18  Roach x5  
  39  4:21  Roach  
  39  4:23  Overlord x2  
  51  4:40  Lair  
  51  4:46  Evolution Chamber  
  51  4:48  Evolution Chamber, Drone x4  
  53  4:59  Roach x3  
  63  5:00  Roach x3  
  63  5:01  Roach  
  63  5:03  Overlord x2  
  67  5:20  Zerg Missile Weapons Level 1  
  67  5:34  Overlord x3  
  67  5:36  Overlord  
  67  5:37  Overlord x2  
  67  5:44  Burrow  
  67  5:47  Tunneling Claws  
  67  6:14  Zergling x12  
  67  6:16  Zergling x2  
  67  6:17  Zergling x6  
  77  6:18  Zerg Ground Armor Level 1  
  77  6:41  Zergling x2  
  77  6:42  Zergling x4  
  81  6:54  Zergling x6  
  81  6:58  Zergling x2  
  81  6:59  Zergling x6  
  81  7:01  Roach x11, Zergling x2  
  88  7:08  Queen  
  67  7:39  Roach  
  67  7:40  Roach x4  
  77  7:49  Zergling x14  
  84  7:52  Zergling x2  
  84  7:55  Zerg Missile Weapons Level 2  
  84  7:56  Glial Reconstitution  
  82  8:14  Hatchery x2  
  82  8:17  Zergling x4  
  82  8:19  Zergling x8  
  83  8:20  Zergling x4  
  60  9:09  Roach x6  
  60  9:13  Zergling x2  
  60  9:14  Zergling x4  
  60  9:15  Zergling x2  
  60  9:16  Zergling x10  
  62  9:41  Queen  
  62  9:43  Queen  
  66  9:47  Drone x2  
  66  9:49  Drone  
  66  9:52  Zerg Ground Armor Level 2  
  69  9:59  Hydralisk Den  
  68  10:02  Queen  
  68  10:06  Roach x10  
  90  10:13  Extractor  
  89  10:15  Extractor  
  89  10:16  Drone x3  
  89  10:18  Drone  
  89  10:20  Drone  
  89  10:21  Drone  
  94  10:28  Extractor  
  93  10:30  Extractor  
  92  10:38  Hydralisk, Muscular Augments  
  92  10:39  Hydralisk x6  
  92  10:41  Zergling x4  
  92  10:42  Zergling x2  
  109  10:52  Drone  
  109  10:53  Drone  
  109  10:55  Queen, Drone x3  
  114  11:11  Hydralisk x5  
  114  11:12  Hydralisk x2  
  114  11:13  Zergling x2  
  114  11:14  Zergling x10  
  134  11:36  Hydralisk  
  136  11:41  Overlord x5  
  136  11:42  Overlord x3  
  122  11:56  Hydralisk x6  
  134  12:11  Hydralisk x2  
  134  12:12  Hydralisk x10  
  158  12:30  Pneumatized Carapace  
  158  12:40  Hydralisk  
  158  12:41  Hydralisk x7  
  174  13:00  Infestation Pit  
  173  13:15  Hatchery  
  173  13:18  Zergling x2  
  173  13:19  Zergling x14  
  125  13:54  Zergling x2  
  125  13:55  Zergling x26  
  105  14:21  Hydralisk  
  105  14:22  Hydralisk x7  
  113  15:01  Spire  
  104  15:25  Hydralisk x10  
  124  15:43  Hatchery  
  123  16:00  Extractor  
  123  16:03  Extractor  
  121  16:05  Drone x3  
  121  16:06  Drone x2  
  126  16:11  Drone x2  
  126  16:12  Drone x6  
  134  16:40  Corruptor x4  
  134  16:42  Corruptor  
  144  17:03  Drone x3  
  144  17:07  Drone x3  
  144  17:08  Drone x2  
  152  17:11  Corruptor x3  
  152  17:12  Corruptor  
  160  17:15  Corruptor  
  153  18:01  Hydralisk  
  153  18:02  Hydralisk x18  
  153  18:03  Hydralisk  
  191  18:18  Zergling x26  
  191  18:19  Zergling x2  
Show
View Real Time Build Order
Export as new Build Order

Juxtapose Protoss 

Build Orders:  

Get SALT Encoding   

  12  0:02  Probe (Chrono Boost)  
  13  0:12  Probe (Chrono Boost)  
  14  0:19  Pylon  
  14  0:23  Probe (Chrono Boost)  
  15  0:37  Probe (Chrono Boost)  
  15  0:40  Gateway  
  16  0:48  Probe (Chrono Boost)  
  17  0:55  Pylon  
  17  0:58  Probe (Chrono Boost)  
  17  1:03  Assimilator  
  18  1:09  Probe (Chrono Boost)  
  19  1:16  Pylon  
  19  1:19  Probe (Chrono Boost)  
  20  1:30  Probe (Chrono Boost)  
  21  1:40  Probe (Chrono Boost)  
  21  1:41  Cybernetics Core  
  21  1:44  Assimilator  
  21  1:45  Zealot  
  24  1:56  Probe (Chrono Boost)  
  25  2:03  Pylon  
  25  2:12  Probe (Chrono Boost)  
  26  2:31  Warp Gate (Chrono Boost)  
  25  2:54  Mothership Core (Chrono Boost)  
  29  3:01  Gateway  
  29  3:08  Zealot  
  27  3:35  Zealot  
  27  3:39  Nexus  
  27  3:40  Pylon  
  29  3:43  Pylon  
  29  3:48  Pylon  
  29  3:49  Adept  
  31  4:02  Zealot, Robotics Facility  
  33  4:08  Twilight Council  
  33  4:12  Forge  
  33  4:17  Zealot  
  35  4:24  Probe  
  36  4:36  Gateway  
  36  4:37  Probe  
  37  4:39  Gateway  
  37  4:50  Observer  
  38  5:03  Charge (Chrono Boost)  
  38  5:05  Probe  
  39  5:09  Probe  
  39  5:13  Protoss Ground Weapons Level 1  
  40  5:15  Probe  
  41  5:22  Probe  
  41  5:28  Stalker x2  
  44  5:33  Warp Prism  
  48  5:35  Probe  
  48  5:40  Probe  
  50  5:46  Probe  
  50  5:48  Zealot  
  50  5:49  Zealot  
  55  6:06  Stalker  
  55  6:10  Immortal, Sentry x2  
  65  6:11  Sentry  
  67  6:20  Probe  
  67  6:23  Assimilator  
  68  6:26  Assimilator  
  68  6:30  Probe  
  69  6:36  Stalker  
  69  6:37  Stalker  
  69  6:38  Zealot  
  75  6:40  Zealot  
  75  6:46  Probe  
  78  6:57  Probe x2  
  80  7:07  Probe  
  80  7:09  Probe  
  80  7:10  Zealot x2  
  86  7:27  Probe  
  83  7:34  Zealot  
  85  7:40  Pylon  
  85  7:45  Probe  
  85  7:48  Robotics Bay  
  86  7:56  Probe  
  87  8:03  Photon Cannon  
  87  8:06  Photon Cannon  
  87  8:09  Zealot  
  87  8:10  Zealot x2  
  93  8:25  Immortal  
  75  8:35  Zealot x3  
  75  8:36  Zealot  
  59  8:54  Probe  
  57  8:58  Zealot x4  
  60  9:04  Immortal  
  60  9:05  Probe  
  60  9:06  Gateway  
  60  9:08  Gateway  
  63  9:17  Mothership Core  
  63  9:33  Extended Thermal Lance  
  63  9:43  Immortal  
  63  9:45  Nexus  
  67  9:47  Pylon  
  67  9:50  Pylon  
  67  9:55  Pylon  
  67  9:58  Sentry x2  
  67  9:59  Protoss Ground Armor Level 1, Sentry  
  73  10:16  Photon Cannon  
  73  10:17  Photon Cannon  
  73  10:23  Immortal (Chrono Boost)  
  77  10:41  Stalker x2  
  77  10:42  Stalker x2  
  83  10:44  Stalker  
  87  10:56  Probe  
  88  11:06  Probe  
  89  11:18  Observer Gravitic Boosters  
  89  11:19  Zealot x2  
  89  11:20  Zealot x4  
  101  11:31  Robotics Facility  
  105  11:34  Probe  
  106  11:44  Probe  
  95  11:50  Zealot  
  95  11:51  Zealot x3  
  95  11:52  Zealot x2  
  97  12:02  Colossus (Chrono Boost)  
  97  12:04  Probe  
  97  12:07  Assimilator  
  104  12:15  Probe  
  104  12:20  Immortal (Chrono Boost)  
  109  12:36  Zealot  
  111  12:37  Zealot x3  
  111  12:38  Zealot  
  119  12:49  Colossus (Chrono Boost)  
  125  12:55  Immortal (Chrono Boost)  
  129  12:59  Stalker x2  
  133  13:12  Assimilator  
  133  13:17  Pylon x2  
  133  13:24  Blink  
  133  13:25  Protoss Ground Weapons Level 2  
  133  13:37  Colossus (Chrono Boost)  
  133  13:38  Colossus (Chrono Boost)  
  99  13:55  Zealot x5  
  81  13:56  Zealot  
  43  14:18  Mothership Core  
  43  14:22  Zealot x4  
  43  14:23  Zealot  
  43  14:24  Colossus (Chrono Boost)  
  66  14:31  Colossus (Chrono Boost)  
  65  14:52  Zealot x4  
  63  14:53  Zealot  
  63  14:54  Zealot  
  67  15:26  Zealot  
  67  15:27  Zealot  
  71  15:39  Pylon, Nexus  
  71  15:40  Pylon  
  71  15:44  Pylon  
  71  15:51  Probe  
  72  16:02  Probe  
  73  16:14  Robotics Bay  
  73  16:19  Protoss Ground Armor Level 2 (Chrono Boost)  
  73  16:23  Immortal  
  77  16:50  Pylon  
  77  16:53  Probe  
  77  16:55  Pylon  
  77  16:59  Stalker x2  
  82  17:03  Probe  
  83  17:14  Disruptor (Chrono Boost), Probe  
  87  17:27  Stalker x2  
  87  17:29  Probe  
  92  17:40  Probe  
  93  17:47  Disruptor (Chrono Boost)  
  93  17:50  Probe  
  97  18:18  Stalker  
  97  18:19  Stalker x3  
  102  18:20  Stalker x2  
  102  18:25  Probe  
  107  18:35  Probe  
  108  18:46  Probe  
  69  18:57  Stalker  
Tags
 
League
Gold
Matchup
PvZ
Spawn Locations
Cross Positions
Add a new tag
Caveats
  • Supply blocks, unpowered buildings, or Contaminate may cause inaccurate times.
  • Supply counts are checked every 10 seconds.